 Dungeon Crawl Stone Soup version 0.19-a0-54-g5421d7e (webtiles) character file.

53 tyvek the Firebug (level 3, -4/19 HPs)
             Began as a Deep Elf Fire Elementalist on May 8, 2016.
             Slain by morik's ghost (6 damage)
             ... on level 3 of the Dungeon.
             The game lasted 00:03:54 (1516 turns).

tyvek the Firebug (Deep Elf Fire Elementalist)      Turns: 1516, Time: 00:03:54

Health: -4/19      AC:  3    Str:  6    XL:     3   Next: 62%
Magic:  10/10      EV: 13    Int: 19    God:
Gold:   65         SH:  0    Dex: 15    Spells: 1 memorised, 9 levels left

rFire  . . .     SeeInvis .     r - +0 trident (curse)
rCold  . . .     Gourm    .     a - +1 robe
rNeg   . . .     Faith    .     (no shield)
rPois  .         Spirit   .     (no helmet)
rElec  .         Dismiss  .     (no cloak)
rCorr  .         Reflect  .     (no gloves)
SustAt +         Harm     .     (no boots)
MR     .....                    (no amulet)
Stlth  +.........               (no ring)
                                p - ring of sustain attributes

@: confused, not resistant to hostile enchantments, very unstealthy
A: no striking features
a: no special abilities


You were on level 3 of the Dungeon.
You were hungry.

You visited 1 branch of the dungeon, and saw 3 of its levels.

You collected 65 gold pieces.

Inventory:

Hand Weapons
 r - a cursed +0 trident (weapon)
   (You found it on level 2 of the Dungeon)
Armour
 a - a +1 robe (worn)
Jewellery
 p - a ring of sustain attributes (left hand)
   (You found it on level 2 of the Dungeon)
Wands
 n - a wand of disintegration (12/24)
   (You found it on level 2 of the Dungeon)
Scrolls
 f - a scroll of teleportation
 g - a scroll of enchant armour
Potions
 e - 2 potions of invisibility
 h - a potion of brilliance {unknown}
 j - a potion of heal wounds {unknown}
 k - 3 potions of lignification {!q}
Books
 b - a book of Flames
 s - a book of Minor Magic
   (You found it on level 2 of the Dungeon)
Comestibles
 c - 2 bread rations {@e1}
 l - a meat ration {@e2}
 o - a royal jelly


   Skills:
 - Level 2.4 Dodging
 - Level 2.4 Stealth
 + Level 4.0 Spellcasting
 + Level 2.4 Conjurations
 + Level 4.0 Fire Magic


You had 9 spell levels left.
You knew the following spells:

 Your Spells              Type           Power        Failure   Level  Hunger
a - Flame Tongue          Conj/Fire      ###..        4%          1    None


Dungeon Overview and Level Annotations

Branches:
Dungeon (3/15)

Altars:
The Shining One

Annotations:
D:3 morik's ghost, amateur DrCj


Message History

p - a ring of sustain attributes (left hand) Read which item? (? for menu, Esc to quit)
Okay, then.
Okay, then.
Read which item? (? for menu, Esc to quit)
As you read the scroll labeled ESHAED KEUMEIC, it crumbles to dust.
It is a scroll of identify.
Identify which item? (\ to view known items) (? for menu, Esc to quit)
k - 3 potions of lignification Read which item? (? for menu, Esc to quit)
As you read the scroll labeled IFIFAH GERONOUSA, it crumbles to dust.
The air around you briefly surges with heat, but it dissipates.
It was a scroll of immolation.
Read which item? (? for menu, Esc to quit)
As you read the scroll labeled RATEUXESESH, it crumbles to dust.
You feel strangely unstable.
It was a scroll of teleportation.
Read which item? (? for menu, Esc to quit)
As you read the scroll labeled SUOLOU KOPSEMO, it crumbles to dust.
It is a scroll of enchant armour.
Enchant which item? (? for menu, Esc to quit)
Your +0 robe glows green for a moment.
Read which item? (? for menu, Esc to quit)
As you read the scroll labeled TORUCUIXZU, it crumbles to dust.
The scroll dissolves into smoke.
It was a scroll of fog.
Done exploring.
Done exploring.
Done exploring.
Done exploring.
Drop what? 17/52 slots (_ for help) (? for menu, Esc to quit)
Okay, then.
Unknown command.
Unknown command.
Drop what? 17/52 slots (_ for help) (? for menu, Esc to quit)
Really drop
q - a throwing net {=f, !d}?
You drop a throwing net {=f, !d}.
Your surroundings suddenly seem different.
Done exploring.
Done exploring.
Done exploring.
Read which item? (? for menu, Esc to quit)
Identify which item? (\ to view known items) (? for menu, Esc to quit)
As you read the scroll of identify, it crumbles to dust.
e - 2 potions of invisibility Done exploring.
Done exploring.
Done exploring.
Done exploring.
Done exploring.
(D) Dungeon
Where to? (Enter - D:2, ? - help)
A hobgoblin comes into view.
The hobgoblin moves out of view.
(D) Dungeon
Where to? (Enter - D:3, ? - help)
The hobgoblin is too close now for your liking.
A hobgoblin is nearby!
Aim: a hobgoblin The flame tongue hits the hobgoblin.
You kill the hobgoblin!
You now have 9/10 mp.
You can't see any susceptible monsters within range! (Use Z to cast anyway.) Unknown command.
Done exploring.
Done exploring.
Done exploring.
Done exploring.
(D) Dungeon
Where to? (Enter - D:3, ? - help)
There is a stone staircase leading down here.
You climb downwards.
There is a stone staircase leading up here. 2 bats come into view.
Found a stone staircase leading down.
Morik's ghost (amateur Draconian Conjurer) comes into view.
MP restored: 10 You don't know that spell.
Morik's ghost casts a spell at you. The spray of energy hits you!
You are confused.
You take 9 damage, and have 10/19 hp.
MASSIVE DAMAGE!!
You bump into the rock wall.
You bump into the rock wall.
The bat barely misses you. x2
Morik's ghost hits you.
You take 4 damage, and have 6/19 hp.
MASSIVE DAMAGE!!
The bat barely misses you. The bat hits you but does no damage.
The bat barely misses you. Morik's ghost casts a spell at you.
The spray of energy misses you. The bat misses you. Morik's ghost hits you.
* * * LOW HITPOINT WARNING * * *
The bat barely misses you.
You take 4 damage, and have 2/19 hp.
MASSIVE DAMAGE!!
You're too confused to move!
The bat closely misses you. The bat hits you but does no damage. x2
Morik's ghost hits you.
You die...

## ## ##.# #...
#..##.....
#..#......
#.........
#<#.....>.
#.#.#.....
#.........
########@b.......
#......W.b#.....
#.........#.....
#........## ....
#.....$..# ...
#......... ...
#.......###
#$......#
#........


You could see morik's ghost and 2 bats.

Vanquished Creatures
  An adder (D:2)
  An ooze (D:1)
  3 dart slugs
  2 giant geckos (D:1)
  2 giant cockroaches
  7 hobgoblins
  5 bats
  2 giant newts (D:1)
  2 kobolds
  7 rats
32 creatures vanquished.

Notes
Turn   | Place    | Note
--------------------------------------------------------------
     0 | D:1      | tyvek the Deep Elf Fire Elementalist began the quest for the Orb.
     0 | D:1      | Reached XP level 1. HP: 10/10 MP: 6/6
   101 | D:1      | Reached XP level 2. HP: 15/15 MP: 2/8
   511 | D:1      | Reached skill level 2 in Conjurations
   621 | D:1      | Reached XP level 3. HP: 15/19 MP: 5/10
  1126 | D:2      | Found a glowing golden altar of the Shining One.
  1258 | D:2      | Reached skill level 4 in Spellcasting
  1258 | D:2      | Reached skill level 4 in Fire Magic
  1509 | D:3      | Noticed morik's ghost (amateur DrCj)
  1515 | D:3      | HP: 2/19 [morik's ghost (4)]
  1516 | D:3      | Slain by morik's ghost

Vault maps used:
D:1:      dpeg_arrival_fog, st_stairs_14
D:2:      nicolae_tso_carved_into_rock
D:3:      first_bread, grunt_gozag_statues

Skill      XL: |  1  2  3 |
---------------+----------+-----
Conjurations   | 2 |  2.4
Spellcasting   | 4 |  4.0
Fire Magic     | 4 |  4.0
Dodging        | |  2.4
Stealth        | |  2.4

Action                   || total
-------------------------++-------
Melee: Unarmed           ||     2
       Trident           ||     1
 Cast: Flame Tongue      ||    56
  Use: Scroll            ||     6
  Eat: Chunk             ||     1
Armor: Robe              ||     8
Dodge: Dodged            ||    34

Vault maps used:
D:1:      dpeg_arrival_fog, st_stairs_14
D:2:      nicolae_tso_carved_into_rock
D:3:      first_bread, grunt_gozag_statues

Table legend:
 A = Turns spent in this place as a percentage of turns spent in the entire game.
 B = Non-inter-level travel turns spent in this place as a percentage of non-inter-level travel turns spent in the entire game.
 C = Inter-level travel turns spent in this place as a percentage of turns spent in this place.
 D = Turns resting spent in this place as a percentage of non-inter-level travel turns spent in this place.
 E = Turns spent auto-exploring this place as a percentage of non-inter-level travel turns spent in this place.
 F = Non-inter-level travel turns spent in this place divided by the number of levels of this place that you've seen.
                   A       B       C       D       E      F
               +-------+-------+-------+-------+-------+----------------------
         Total | 100.0 | 100.0 |   1.1 |   6.6 |  18.9 | 125.3
       Dungeon | 100.0 | 100.0 |   1.1 |   6.6 |  18.9 | 125.3
               +-------+-------+-------+-------+-------+----------------------

Table legend:
 A = Kills in this place as a percentage of kills in entire the game.
 B = Kills by you in this place as a percentage of kills by you in the entire game.
 C = Kills by friends in this place as a percentage of kills by friends in the entire game.
 D = Other kills in this place as a percentage of other kills in the entire game.
 E = Experience gained in this place as a percentage of experience gained in the entire game.
 F = Experience gained in this place divided by the number of levels of this place that you have seen.
                   A       B       C       D       E      F
               +-------+-------+-------+-------+-------+----------------------
         Total | 100.0 | 100.0 |  -nan |  -nan | 100.0 |  25.3
       Dungeon | 100.0 | 100.0 |  -nan |  -nan | 100.0 |  25.3
               +-------+-------+-------+-------+-------+----------------------
